 Dungeon Crawl Stone Soup version 0.19-a0-1201-gda63bca (webtiles) character file.

19 Leszczynek the Ogre Mage (level 2, 18/28 HPs)
             Began as an Ogre Earth Elementalist on Aug 20, 2016.
             Quit the game on level 3 of the Dungeon.
             The game lasted 00:02:47 (523 turns).

Leszczynek the Ogre Mage (Ogre Earth Elementalist)   Turns: 523, Time: 00:02:48

Health: 18/28      AC:  4    Str: 12    XL:     2   Next: 75%
Magic:  5/5        EV: 10    Int: 14    God:
Gold:   54         SH:  0    Dex: 10    Spells: 2 memorised, 2 levels left

rFire  . . .     SeeInvis .     b - 75 stones
rCold  . . .     Gourm    .     c - +0 robe
rNeg   . . .     Faith    .     (no shield)
rPois  .         Spirit   .     (helmet restricted)
rElec  .         Dismiss  .     o - +0 cloak
rCorr  .         Reflect  .     (gloves unavailable)
MR     .....     Harm     .     (boots unavailable)
Stlth  +.........               (no amulet)
                                (no ring)
                                (no ring)

@: quite poisoned (18 -> 9), slowed, very slow
A: unfitting armour, tough skin 1
a: no special abilities


You were on level 3 of the Dungeon.
You were not hungry.

You visited 1 branch of the dungeon, and saw 3 of its levels.

You collected 54 gold pieces.

Inventory:

Hand Weapons
 a - a +0 dagger of speed
 k - a +0 club
Missiles
 b - 75 stones (in hand)
 g - 26 sling bullets
Armour
 c - a +0 robe (worn)
 o - a +0 cloak (worn)
Scrolls
 f - a scroll of recharging {unknown}
 l - a scroll of random uselessness {unknown}
 m - a scroll of teleportation {unknown}
Potions
 i - 2 potions of curing {unknown}
 n - a potion of berserk rage {unknown}
 p - a potion of agility {unknown}
Books
 e - a book of Geomancy

   Spells                             Type                      Level
   a - Sandblast                      Earth                        1
   b - Passwall                       Transmutation/Earth          2
   c - Stone Arrow                    Conjuration/Earth            3
   d - Petrify                        Transmutation/Earth          4
   e - Lee's Rapid Deconstruction     Earth                        5
Comestibles
 d - 3 bread rations
 h - 3 chunks of flesh
 j - a meat ration


   Skills:
 - Level 2.2 Fighting
 + Level 1.8 Maces & Flails
 - Level 1.7 Dodging
 - Level 1.5 Stealth
 - Level 2.4 Spellcasting
 - Level 0.6 Transmutations
 - Level 2.1 Earth Magic


You had 2 spell levels left.
You knew the following spells:

 Your Spells              Type           Power        Failure   Level  Hunger
a - Sandblast             Erth           #.....       12%         1    #......
b - Passwall              Tmut/Erth      #.........   21%         2    ###....


Dungeon Overview and Level Annotations

Branches:
Dungeon (3/15)

Altars:


Innate Abilities, Weirdness & Mutations

You are too large for most types of armour.
You have tough skin. (AC +1)


Message History

Found a leather armour and a bread ration.
Found a silvery potion.
d - 3 bread rations (gained 1)
p - a silvery potion An adder comes into view.
Found 9 gold pieces.
You now have 54 gold pieces (gained 9).
Some of the chunks of flesh in your inventory have rotted away.
Found a scroll labeled QUFA IREAFO.
A giant cockroach and a kobold come into view.
The kobold shouts!
The kobold unwields an uncursed short sword.
The kobold wields a blowgun.
The kobold shoots a curare-tipped needle.
The curare-tipped needle hits you.
You are poisoned.
You have difficulty breathing.
You feel yourself slow down.
You see here a curare-tipped needle.
Enter note: curare kobold Are you sure you want to abandon this character and quit the game? (Confirm with "yes".)

.......#.... ... .....
......#.... .... ##... .
#........ ....
#........##........
.?...#..................
.....#........##....#...
........#+#...##........
..........#...##........
K......@.........##.....
................[.......
.................##.....
......##..........(....#
...... #..............).
......##................
..... #..........#####..
s...# #..........##....)
.... #..........##.....


You could see a giant cockroach (wandering) and a kobold.

Vanquished Creatures
  A giant gecko (D:1)
  5 goblins
  2 kobolds (D:1)
  A ball python (D:1)
  5 bats
  3 rats
17 creatures vanquished.

Notes
Turn   | Place    | Note
-------+----------+-------------------------------------------
     0 | D:1      | Leszczynek the Ogre Earth Elementalist began the quest for the Orb.
     0 | D:1      | Reached XP level 1. HP: 16/16 MP: 3/3
    67 | D:1      | Reached skill level 1 in Fighting
   190 | D:1      | Reached skill level 2 in Fighting
   190 | D:1      | Reached XP level 2. HP: 28/28 MP: 3/5
   207 | D:1      | Learned a level 2 spell: Passwall
   277 | D:1      | Reached skill level 1 in Maces & Flails
   523 | D:3      | curare kobold
   523 | D:3      | Quit the game

Vault maps used:
D:1:      minmay_arrival_five_plusses
D:2:      tso_oasis_becter, nicolae_overflow_crystal_walls,
          lemuel_coloured_pillars_altar, first_bread

Skill      XL: |  1  2 |
---------------+-------+-----
Fighting       | 2 |  2.2
Maces & Flails | 1 |  1.8
Dodging        | |  1.7
Stealth        | |  1.5
Spellcasting   | |  2.4
Transmutations | |  0.6
Earth Magic    | |  2.1

Action                   || total
-------------------------++-------
Melee: Dagger            ||     4
 Cast: Sandblast         ||    25
Armor: Robe              ||     4
Dodge: Dodged            ||     4
